 Dungeon Crawl Stone Soup version 0.30-a0-576-g89cddaab80 (webtiles) character file.

Game seed: 9392495352464302311

42 wormed the Shooter (level 3, -1/18 HPs)
             Began as a Spriggan Hunter on Dec 30, 2022.
             Slain by an orc
             ... wielding a +0 dagger
              (2 damage)
             ... on level 2 of the Dungeon.
             The game lasted 00:02:52 (1933 turns).

wormed the Shooter (Spriggan Hunter)                Turns: 1933, Time: 00:02:52

Health: -1/18      AC:  2    Str:  7    XL:     3   Next: 35%
Magic:  4/4        EV: 18    Int: 10    God:
Gold:   165        SH:  0    Dex: 20    Spells: 2/2 levels left

rFire   . . .      SeeInvis +    a - +0 shortbow
rCold   . . .      Faith    .    (shield currently unavailable)
rNeg    . . .      Spirit   .    c - +0 robe
rPois   .          Reflect  .    (helmet restricted)
rElec   .          Harm     .    (no cloak)
rCorr   .          Rampage  .    (gloves unavailable)
Will    +....                    (boots unavailable)
Stlth   ++                       (no amulet)
HPRegen 0.23/turn                h - ring of willpower
MPRegen 0.09/turn                (no ring)

@: very quick
A: very small, no large weapons, unfitting armour, see invisible, speed 3
a: no special abilities


You were on level 2 of the Dungeon.
You visited 1 branch of the dungeon, and saw 3 of its levels.

You collected 165 gold pieces.

Inventory:

Hand Weapons
 a - a +0 shortbow (weapon)
Armour
 c - a +0 robe (worn)
Jewellery
 h - a ring of willpower (left hand)
Scrolls
 b - a scroll of immolation
 e - 2 scrolls of magic mapping {unknown}
 f - 2 scrolls of identify {unknown}
 g - a scroll of poison {unknown}
 j - a scroll of noise {unknown}
 o - a scroll of amnesia {unknown}
Potions
 d - a potion of resistance {unknown}
 i - a potion of degeneration {unknown}
 k - a potion of heal wounds
 l - a potion of invisibility {unknown}
 m - a potion of attraction {unknown}
 n - a potion of curing {unknown}


   Skills:
 + Level 2.0 Fighting
 * Level 4.5 Ranged Weapons
 + Level 3.3 Dodging
 + Level 2.6 Stealth


You had 2 spell levels left.
You didn't know any spells.
Your spell library contained the following spells:

 Spells                   Type           Power      Damage    Failure   Level
 Summon Guardian Golem    Hex/Summ       0%         N/A       75%         3
 Orb of Destruction       Conj           0%         9d5       100%        7
 Spellforged Servitor     Conj/Summ      0%         N/A       100%        7


Dungeon Overview and Level Annotations

Branches:
Dungeon (3/15)

Altars:

Shops:
D:1 *


Innate Abilities, Weirdness & Mutations

You are very small and have problems with some larger weapons.
You are too small for most types of armour.
You have supernaturally acute eyesight. (SInv)
You cover ground extremely quickly. (Speed+++)


Message History

Press: ? - help, Q - select action Shift-Dir - straight line, f/p - orc wizard
Aim: an orc wizard, wielding a +0 dagger and wearing a +0 robe (almost dead, 59% to hit)
You shoot an arrow.
The arrow hits the orc wizard but does no damage.
The orc wizard is almost dead.
The orc wizard hits you but does no damage.
The orc barely misses you.
Fire: a) +0 shortbow
Press: ? - help, Q - select action Shift-Dir - straight line, f/p - orc wizard
Aim: an orc wizard, wielding a +0 dagger and wearing a +0 robe (almost dead, 59% to hit)
You shoot an arrow.
The arrow closely misses the orc wizard.
The orc wizard completely misses you. The orc misses you.
The orc wizard gestures at you while chanting.
The puff of flame hits you.
Fire: a) +0 shortbow
Press: ? - help, Q - select action Shift-Dir - straight line, f/p - orc wizard
Aim: an orc wizard, wielding a +0 dagger and wearing a +0 robe (almost dead, 59% to hit)
You shoot an arrow.
The arrow closely misses the orc wizard.
The orc wizard hits you with a +0 dagger.
The orc hits you with a +0 dagger.
Fire: a) +0 shortbow
Press: ? - help, Q - select action Shift-Dir - straight line, f/p - orc wizard
Aim: an orc wizard, wielding a +0 dagger and wearing a +0 robe (almost dead, 59% to hit)
You shoot an arrow. The arrow barely misses the orc wizard.
The orc wizard closely misses you. The orc misses you.
Fire: a) +0 shortbow
Press: ? - help, Q - select action Shift-Dir - straight line, f/p - orc wizard
Aim: an orc wizard, wielding a +0 dagger and wearing a +0 robe (almost dead, 59% to hit)
You shoot an arrow.
The arrow hits the orc wizard but does no damage.
The orc wizard is almost dead.
The orc wizard closely misses you. The orc hits you but does no damage.
The orc wizard casts a spell at you. The magic dart hits you!
Ouch! That really hurt!
* * * LOW HITPOINT WARNING * * *
The orc hits you with a +0 dagger.
You die...

####.# ##.##.###..#....# #.#
#.##......#..#.##### #.#
#.####....#<.......# ####.#
##..######......###.#
.....####............#..# #.#
######.....##...#.....#.# #.#
#.....####.#.....#.###.# #.....#
#..o..<.......# ######.....#
##@o.####.##### .....#.....#
###........#
.....#.....############.#.#
.....#............# #.#.#
.....#.##.........# #.#.##
........#.........# #.#..######
........#.........# #.#........
####....#.........# #.#..####.#
####....#####.....#####.#.....#.#


You could see an orc wizard and an orc.

Vanquished Creatures
  An adder (D:2)
  A worm (D:2)
  An endoplasm (D:1)
  A giant cockroach (D:2)
  7 goblins
  5 hobgoblins
  3 ball pythons
  3 bats
  2 frilled lizards
  A kobold (D:1)
  3 rats
28 creatures vanquished.

Notes
Turn   | Place    | Note
-------+----------+-------------------------------------------
     0 | D:1      | wormed the Spriggan Hunter began the quest for the Orb.
     0 | D:1      | Reached XP level 1. HP: 10/10 MP: 2/2
   143 | D:1      | Reached XP level 2. HP: 15/15 MP: 3/3
   528 | D:1      | Found Negaurok's Assorted Antiques.
  1199 | D:2      | Reached XP level 3. HP: 8/18 MP: 4/4
  1933 | D:2      | Slain by an orc

Illustrated notes

Levels and vault maps discovered:
D:1:      sevenhm_arrival_forest_fort_large_2, layout_basic, serial_shops,
          shop_fountains, dreamdust_wishing_well,
          chequers_serial_rivers_small_b, corexii_corridor_pit, moated_statue,
          hangedman_decor_peaks_small
D:2:      layout_basic
D:3:      layout_rooms, mainiacjoe_overflow_small_starburst,
          minmay_divided_ellipse

Skill      XL: |  1  2  3 |
---------------+----------+-----
Stealth        | 2 |  2.6
Dodging        | 3 |  3.3
Fighting       | 2 |  2.0
Ranged Weapons | |  4.5

Action                   || total
-------------------------++-------
 Fire: Shortbow          ||    76
  Use: Potion            ||     1
Armor: Robe              ||     8
Dodge: Dodged            ||    34

Table legend: (Time is in decaauts)
 A = Elapsed time spent in this place.
 B = Non-inter-level travel time spent in this place.
 C = Inter-level travel time spent in this place.
 D = Time resting spent in this place.
 E = Time spent auto-exploring this place.
 F = Levels seen in this place.
 G = Mean time per level.
                   A        B        C        D        E       F      G
               +--------+--------+--------+--------+--------+-----+--------+
         Total |   1280 |   1189 |     91 |      0 |   1018 |   3 |  426.7 |
       Dungeon |   1280 |   1189 |     91 |      0 |   1018 |   3 |  426.7 |
               +--------+--------+--------+--------+--------+-----+--------+

Top non-repeatable levels by time:
     D:2: 647 daAuts
     D:1: 591 daAuts
     D:3: 40 daAuts
